 Dungeon Crawl Stone Soup version 0.31-a0-841-g038b102fc3 (webtiles) character file.

Game seed: 8110745455443915463

184 javelincjr the Sneak (level 5, -1/31 HPs)
             Began as an Octopode Hedge Wizard on Sept 27, 2023.
             Succumbed to a scorpion's poison
             ... on level 4 of the Dungeon.
             The game lasted 00:06:58 (2877 turns).

javelincjr the Sneak (Octopode Hedge Wizard)        Turns: 2877, Time: 00:06:58

Health: -1/31      AC:  1    Str:  9    XL:     5   Next: 63%
Magic:  19/19      EV: 13    Int: 18    God:
Gold:   85         SH:  0    Dex: 12    Spells: 6/11 levels left

rFire   . . .        a - +0 dagger
rCold   . . .        (no shield)
rNeg    . . .        b - +0 hat
rPois   .            (no amulet)
rElec   .            i - ring of magical power
rCorr   .            (no ring)
SInv    .            (no ring)
Will    .....        (no ring)
Stlth   +++          (no ring)
HPRegen 0.25/turn    (no ring)
MPRegen 0.16/turn    (no ring)
                     (no ring)

%: no passive effects
@: lethally poisoned (-1 -> -20)
A: almost no armour, amphibious, 8 rings, camouflage 1, gelatinous body 1,
(nimble swimmer 1), tentacles
a: no special abilities


You were on level 4 of the Dungeon.
You visited 1 branch of the dungeon, and saw 4 of its levels.

You collected 85 gold pieces.

Inventory:

Hand Weapons
 a - a +0 dagger (weapon)
Missiles
 k - 3 poisoned darts
 p - 4 boomerangs
 r - 2 silver javelins
Armour
 b - a +0 hat (worn)
Jewellery
 i - a ring of magical power (left tentacle)
 t - a +6 ring of strength
Wands
 n - a wand of flame (24)
Scrolls
 e - a scroll of poison {unknown}
 f - 3 scrolls of identify {unknown}
 h - 2 scrolls of teleportation {unknown}
 j - a scroll of enchant armour {unknown}
 o - a scroll of blinking {unknown}
 q - a scroll of revelation {unknown}
 s - a scroll of brand weapon {unknown}
Potions
 c - a potion of magic
 d - a potion of might
 m - a potion of attraction {unknown}


   Skills:
 + Level 2.7 Dodging
 + Level 4.1 Stealth
 * Level 3.8 Spellcasting
 + Level 2.2 Conjurations
 + Level 2.1 Summonings
 + Level 2.0 Translocations


You had 6 spell levels left.
You knew the following spells:

 Your Spells              Type           Power      Damage    Failure   Level
a - Magic Dart            Conj           44%        1d5       6%          1
b - Call Imp              Summ           22%        N/A       10%         2
c - Blink                 Tloc           20%        N/A       10%         2

Your spell library contained the following spells:

 Spells                   Type           Power      Damage    Failure   Level
 Slow                     Hex            12%        N/A       16%         1
 Cigotuvi's Dreadful Rot  Necr/Pois/Air  6%         N/A       22%         2
 Mephitic Cloud           Conj/Pois/Air  6%         N/A       32%         3
 Passage of Golubria      Tloc           10%        N/A       54%         4
 Leda's Liquefaction      Hex/Erth       1%         N/A       83%         4
 Lee's Rapid Deconstruct  Erth           1%         3d4*      99%         5
 Silence                  Hex/Air        1%         N/A       99%         5
 Bombard                  Conj/Erth      3%         9d1       100%        6
 Conjure Ball Lightning   Conj/Air       3%         3x3d6     100%        6
 Discord                  Hex            1%         N/A       100%        8
 Disjunction              Tloc           5%         N/A       100%        8
 Lehudib's Crystal Spear  Conj/Erth      3%         10d3      100%        8


Dungeon Overview and Level Annotations

Branches:
Dungeon (4/15)
 Temple: D:4-7

Altars:

Annotations:
D:4 Eustachio


Innate Abilities, Weirdness & Mutations

You cannot wear most types of armour.
You are amphibious.
You can wear up to eight rings at the same time.
Your skin changes colour to match your surroundings (Stealth+).
Your rubbery body absorbs attacks. (AC +1, EV +1)
((You are camouflaged when in or above water. (Stealth+)))
You have tentacles for arms and can constrict up to eight enemies at once.


Message History

The scorpion poisons you!
Your cerulean imp hits the scorpion but does no damage.
Eustachio the Magnificent comes into view.
He is wielding a +0 rapier and wearing a +3 leather armour of poison resistance.
The scorpion barely misses you.
You release your grip on the scorpion.
You feel very sick.
Your cerulean imp hits the scorpion but does no damage.
You swap places.
You feel very sick.
Your cerulean imp closely misses the scorpion.
The scorpion barely misses you.
* * * LOW HITPOINT WARNING * * *
You feel very sick. The scorpion attacks as it pursues you!
The scorpion barely misses you.
Your cerulean imp barely misses the scorpion.
Eustachio mumbles some strange words.
* * * LOW HITPOINT WARNING * * *
You feel sick. The scorpion attacks as it pursues you!
The scorpion barely misses you.
Your cerulean imp barely misses the scorpion.
It was a potion of might.
You feel very mighty all of a sudden.
* * * LOW HITPOINT WARNING * * *
You feel very sick. The scorpion misses you.
Your cerulean imp closely misses the scorpion.
It was a potion of curing.
You feel better. The scorpion stings you.
* * * LOW HITPOINT WARNING * * *
You are lethally poisoned!
The scorpion poisons you!
Your cerulean imp hits the scorpion with a -3 spear.
The scorpion stings you.
* * * LOW HITPOINT WARNING * * *
You are more poisoned.
The scorpion poisons you!
It was a potion of cancellation.
Your magical effects are unravelling.
You feel magically purged.
You feel a little less mighty now.
You die...

.....................
.................).#
....#####..........#
.....# ##.........#
.....# ##........#
.....# ##......##
......# ##.....#
......# ##....#
......# ###@.# #s.#
#5.# #..# #...#
#..@># .....##
.)....# #......#


You could see Eustachio, a scorpion (ally target) and a friendly cerulean imp
(summoned).

Vanquished Creatures
  Natasha (D:2)
  A gnoll (D:4)
  2 adders
  A dart slug (D:1)
  5 orcs (D:3)
  4 endoplasms (D:1)
  4 giant cockroaches
  5 goblins
  2 hobgoblins (D:1)
  A quokka (D:1)
  4 ball pythons
  6 bats
  2 frilled lizards
  4 kobolds
  8 rats
50 creatures vanquished.

Vanquished Creatures (collateral kills)
  Terence (D:2)
  An orc wizard (D:3)
  Natasha (D:2)
  An endoplasm (D:4)
  A hobgoblin (D:4)
  A quokka (D:2)
6 creatures vanquished.

Grand Total: 56 creatures vanquished

Notes
Turn   | Place    | Note
-------+----------+-------------------------------------------
     0 | D:1      | javelincjr the Octopode Hedge Wizard began the quest for
                  | the Orb.
     0 | D:1      | Reached XP level 1. HP: 11/11 MP: 4/4
   128 | D:1      | Reached skill level 3 in Stealth
   128 | D:1      | Reached XP level 2. HP: 17/17 MP: 6/6
   314 | D:1      | Reached XP level 3. HP: 21/21 MP: 7/7
   946 | D:2      | Learned a level 2 spell: Call Imp
   949 | D:2      | Learned a level 2 spell: Blink
  1022 | D:2      | Noticed Natasha
  1032 | D:2      | Killed Natasha
  1033 | D:2      | Reached XP level 4. HP: 9/27 MP: 9/9
  1175 | D:2      | Noticed Terence
  1190 | D:2      | Killed Terence
  1565 | D:2      | Noticed Natasha
  1584 | D:2      | Killed Natasha
  1585 | D:2      | Reached XP level 5. HP: 23/31 MP: 10/10
  1991 | D:3      | HP: 1/31 [something (5)]
  2446 | D:3      | Reached skill level 4 in Stealth
  2870 | D:4      | Noticed Eustachio
  2877 | D:4      | Succumbed to a scorpion's poison

Illustrated notes

Levels and vault maps discovered:
D:1:      ldierk_walled_garden, layout_basic
D:2:      layout_basic, eino_tiny_chamber, serial_park_tiny_1, uniq_natasha,
          uniq_terence
D:3:      layout_basic, nicolae_twisty_statue_hallways
D:4:      layout_cave_pods, uniq_eustachio

Skill      XL: |  1  2  3  4  5 |
---------------+----------------+-----
Stealth        | 3 4 |  4.1
Conjurations   | 2 |  2.2
Summonings     | 2 |  2.1
Translocations | 2 |  2.0
Dodging        | |  2.7
Spellcasting   | |  3.8

Action                     |  1- 3 |  4- 6 || total
---------------------------+-------+-------++-------
  Melee: Dagger            |    49 |    43 ||    92
         Constrict         |    14 |     8 ||    22
         Tentacles         |     9 |    13 ||    22
         Punch             |     1 |     1 ||     2
   Cast: Magic Dart        |    41 |    24 ||    65
         Call Imp          |     1 |    14 ||    15
    Use: Potion            |       |     3 ||     3
   Stab: Sleeping          |     6 |       ||     6
 Armour: Skin              |    20 |    29 ||    49
  Dodge: Dodged            |    45 |    23 ||    68

Table legend: (Time is in decaauts)
 A = Elapsed time spent in this place.
 B = Non-inter-level travel time spent in this place.
 C = Inter-level travel time spent in this place.
 D = Time resting spent in this place.
 E = Time spent auto-exploring this place.
 F = Levels seen in this place.
 G = Mean time per level.
                   A        B        C        D        E       F      G
               +--------+--------+--------+--------+--------+-----+--------+
         Total |   2876 |   2717 |    159 |     85 |   2193 |   4 |  719.0 |
       Dungeon |   2876 |   2717 |    159 |     85 |   2193 |   4 |  719.0 |
               +--------+--------+--------+--------+--------+-----+--------+

Top non-repeatable levels by time:
     D:2: 1176 daAuts
     D:3: 1029 daAuts
     D:1: 540 daAuts
     D:4: 129 daAuts
